NCAA
MINNESOTA GOLDEN GOPHERS @ OHIO STATE BUCKEYES
05/19/2023
 
TOP OF THE 1ST
Minnesota Golden Gophers batting - Pitching for Ohio State Buckeyes : RHP Manuel Zarate
Pitching: RHP Manuel Zarate
Batting: RHB Carlos López 0-0: Swinging Strike
0-1: Ball
1-1: Foul Ball, location: 2F
1-2: Strikes out swinging
Batting: RHB Mike Brooks 0-0: Called Strike
0-1: Ball
1-1: Foul Ball, location: 2F
1-2: Foul Ball, location: 2F
1-2: Strikes out swinging
Batting: RHB Charlie O'Farrell 0-0: Ball
1-0: Foul Ball, location: 2F
1-1: Ball
2-1: Called Strike
2-2: Ball
3-2: Base on Balls
Batting: RHB Brady McIntyre 0-0: Swinging Strike
0-1: Ball
1-1: Swinging Strike
1-2: Ball
2-2: Fly out, F9 (Flyball, 89M)
Top of the 1st over - 0 run(s), 0 hit(s), 0 error(s), 1 left on base; Minnesota 0 - Ohio State 0
BOTTOM OF THE 1ST
Ohio State Buckeyes batting - Pitching for Minnesota Golden Gophers : LHP Nick Clayton
Pitching: LHP Nick Clayton
Batting: SHB Thomas Simmons 0-0: Ball
1-0: Foul Ball, location: 2F
1-1: Called Strike
1-2: Foul Ball, location: 2F
1-2: Ball
2-2: Ground out 3-1 (Groundball, 34S)
Batting: SHB Jorge Rodríguez 0-0: Ground out 1-3 (Groundball, 13S)
Batting: RHB Júlio Morales 0-0: Ball
1-0: Called Strike
1-1: SINGLE (Line Drive, 7S)
Batting: LHB Frank García 0-0: Foul Ball, location: 2F
0-1: Swinging Strike
0-2: Ball
1-2: Strikes out swinging
Bottom of the 1st over - 0 run(s), 1 hit(s), 0 error(s), 1 left on base; Minnesota 0 - Ohio State 0
TOP OF THE 2ND
Minnesota Golden Gophers batting - Pitching for Ohio State Buckeyes : RHP Manuel Zarate
Batting: LHB Matt Murphy 0-0: Ball
1-0: Called Strike
1-1: Swinging Strike
1-2: Strikes out swinging
Batting: RHB Esteban Ayala 0-0: Foul Ball, location: 2F
0-1: Ball
1-1: Ball
2-1: Fly out, F9 (Flyball, 9M)
Batting: SHB Van White 0-0: Called Strike
0-1: Swinging Strike
0-2: Foul Ball, location: 2F
0-2: Strikes out swinging
Top of the 2nd over - 0 run(s), 0 hit(s), 0 error(s), 0 left on base; Minnesota 0 - Ohio State 0
BOTTOM OF THE 2ND
Ohio State Buckeyes batting - Pitching for Minnesota Golden Gophers : LHP Nick Clayton
Batting: SHB Devin Smith 0-0: Ball
1-0: Called Strike
1-1: Called Strike
1-2: Ball
2-2: Ball
3-2: Foul Ball, location: 2F
3-2: Foul Ball, location: 2F
3-2: Strikes out looking
Batting: RHB Gabriel Soto 0-0: Called Strike
0-1: SINGLE (Line Drive, 6M)
Batting: SHB Tony Patterson 0-0: Ball
1-0: Ball
2-0: SINGLE (Flyball, 9S)
Gabriel Soto to second
Runner from 2nd tries for 3rd, SAFE, no throw or cutoff
Batting: LHB Matt Ruskin 0-0: SINGLE (Line Drive, 4D)
Gabriel Soto scores
Tony Patterson to second
Batting: RHB Santiago Gutiérrez 0-0: Ball
1-0: Ball
2-0: Ball
3-0: Swinging Strike
3-1: Called Strike
3-2: Base on Balls
Tony Patterson to third
Matt Ruskin to second
Batting: SHB Thomas Simmons 0-0: Ball
1-0: Swinging Strike
1-1: Swinging Strike
1-2: Strikes out swinging
Batting: SHB Jorge Rodríguez 0-0: Ground out 2-3 (Groundball, 2L)
Bottom of the 2nd over - 1 run(s), 3 hit(s), 0 error(s), 3 left on base; Minnesota 0 - Ohio State 1
TOP OF THE 3RD
Minnesota Golden Gophers batting - Pitching for Ohio State Buckeyes : RHP Manuel Zarate
Batting: LHB Steve Davis 0-0: Called Strike
0-1: Foul Ball, location: 2F
0-2: Ball
1-2: Ball
2-2: Foul Ball, location: 2F
2-2: Foul Ball, location: 2F
2-2: Foul Ball, location: 2F
2-2: Foul Ball, location: 2F
2-2: Strikes out swinging
Batting: LHB Doug Willard 0-0: Ball
1-0: Ball
2-0: Foul Ball, location: 2F
2-1: Foul Ball, location: 2F
2-2: Foul Ball, location: 2F
2-2: Strikes out looking
Batting: RHB Carlos López 0-0: Called Strike
0-1: Ball
1-1: Called Strike
1-2: Foul Ball, location: 2F
1-2: Ball
2-2: Foul Ball, location: 2F
2-2: Ground out 4-3 (Groundball, 4S)
Top of the 3rd over - 0 run(s), 0 hit(s), 0 error(s), 0 left on base; Minnesota 0 - Ohio State 1
BOTTOM OF THE 3RD
Ohio State Buckeyes batting - Pitching for Minnesota Golden Gophers : LHP Nick Clayton
Batting: RHB Júlio Morales 0-0: Ball
1-0: Swinging Strike
1-1: Ball
2-1: Fly out, F3 (Popup, 23)
Batting: LHB Frank García 0-0: Called Strike
0-1: DOUBLE (Line Drive, 89M)
Batting: SHB Devin Smith 0-0: Ball
1-0: Fly out, F9 (Flyball, 9LM)
Batting: RHB Gabriel Soto 0-0: Swinging Strike
0-1: Ball
1-1: Ball
2-1: Swinging Strike
2-2: Strikes out swinging
Bottom of the 3rd over - 0 run(s), 1 hit(s), 0 error(s), 1 left on base; Minnesota 0 - Ohio State 1
TOP OF THE 4TH
Minnesota Golden Gophers batting - Pitching for Ohio State Buckeyes : RHP Manuel Zarate
Batting: RHB Mike Brooks 0-0: Foul Ball, location: 2F
0-1: Foul Ball, location: 2F
0-2: Fly out, F2 (Popup, 2LF)
Batting: RHB Charlie O'Farrell 0-0: Ground out 1-3 (Groundball, 13S)
Batting: RHB Brady McIntyre 0-0: Ball
1-0: Foul Ball, location: 2F
1-1: Called Strike
1-2: Ball
2-2: Ball
3-2: Foul Ball, location: 2F
3-2: Strikes out swinging
Top of the 4th over - 0 run(s), 0 hit(s), 0 error(s), 0 left on base; Minnesota 0 - Ohio State 1
BOTTOM OF THE 4TH
Ohio State Buckeyes batting - Pitching for Minnesota Golden Gophers : LHP Nick Clayton
Batting: SHB Tony Patterson 0-0: Foul Ball, location: 2F
0-1: Ball
1-1: Swinging Strike
1-2: Ball
2-2: Strikes out swinging
Batting: LHB Matt Ruskin 0-0: Called Strike
0-1: SINGLE (Groundball, 4MD)
Batting: RHB Santiago Gutiérrez 0-0: Foul Ball, location: 2F
0-1: Swinging Strike
0-2: Fly out, F8 (Flyball, 8LM)
Batting: SHB Thomas Simmons 0-0: Called Strike
0-1: Fly out, F4 (Popup, 6MD)
Bottom of the 4th over - 0 run(s), 1 hit(s), 0 error(s), 1 left on base; Minnesota 0 - Ohio State 1
TOP OF THE 5TH
Minnesota Golden Gophers batting - Pitching for Ohio State Buckeyes : RHP Manuel Zarate
Batting: LHB Matt Murphy 0-0: Ball
1-0: Ball
2-0: SINGLE (Line Drive, 9S)
Batting: RHB Esteban Ayala 0-0: Ball
1-0: SINGLE (Line Drive, 34D)
Matt Murphy to second
Batting: SHB Van White 0-0: Foul Ball, location: 2F
0-1: Ball
1-1: Foul Ball, location: 2F
1-2: Ball
2-2: Strikes out swinging
Batting: LHB Steve Davis 0-0: Called Strike
0-1: Called Strike
0-2: Ball
1-2: Foul Ball, location: 2F
1-2: Strikes out swinging
Pitching: RHP Allen King
Batting: LHB Doug Willard 0-0: Foul Ball, location: 2F
0-1: Fly out, F9 (Flyball, 89M)
Top of the 5th over - 0 run(s), 2 hit(s), 0 error(s), 2 left on base; Minnesota 0 - Ohio State 1
BOTTOM OF THE 5TH
Ohio State Buckeyes batting - Pitching for Minnesota Golden Gophers : LHP Nick Clayton
Batting: SHB Jorge Rodríguez 0-0: Ball
1-0: Ball
2-0: Fly out, F9 (Flyball, 9D)
Batting: RHB Júlio Morales 0-0: Called Strike
0-1: Ball
1-1: Called Strike
1-2: Ball
2-2: Ball
3-2: Strikes out swinging
Batting: LHB Frank García 0-0: Ball
1-0: Ball
2-0: Ground out 6-3 (Groundball, 6)
Bottom of the 5th over - 0 run(s), 0 hit(s), 0 error(s), 0 left on base; Minnesota 0 - Ohio State 1
TOP OF THE 6TH
Minnesota Golden Gophers batting - Pitching for Ohio State Buckeyes : RHP Allen King
Batting: RHB Carlos López 0-0: Ball
1-0: Ball
2-0: Swinging Strike
2-1: Ball
3-1: Base on Balls
Batting: RHB Mike Brooks 0-0: Called Strike
0-1: Ball
1-1: 2-RUN HOME RUN (Flyball, 8RXD), Distance : 406 ft
Batting: RHB Charlie O'Farrell 0-0: Ball
1-0: Fly out, F7 (Flyball, 7M)
Batting: RHB Brady McIntyre 0-0: Ball
1-0: Ground out 1-3 (Groundball, 23)
Batting: LHB Matt Murphy 0-0: Fly out, F4 (Popup, 4)
Top of the 6th over - 2 run(s), 1 hit(s), 0 error(s), 0 left on base; Minnesota 2 - Ohio State 1
BOTTOM OF THE 6TH
Ohio State Buckeyes batting - Pitching for Minnesota Golden Gophers : LHP Nick Clayton
Batting: SHB Devin Smith 0-0: Ball
1-0: SOLO HOME RUN (Flyball, 78XD), Distance : 372 ft
Batting: RHB Gabriel Soto 0-0: Fly out, F3 (Line Drive, 3)
Batting: SHB Tony Patterson 0-0: Ball
1-0: Ball
2-0: Called Strike
2-1: Swinging Strike
2-2: Ground out 6-3 (Groundball, 6M)
Batting: LHB Matt Ruskin 0-0: Called Strike
0-1: Ball
1-1: Foul Ball, location: 2F
1-2: Ball
2-2: DOUBLE (Line Drive, 7LS)
Pitching: LHP Jeff O'Farrell
Batting: RHB Santiago Gutiérrez 0-0: Ball
1-0: Called Strike
1-1: Foul Ball, location: 2F
1-2: Ball
2-2: Ball
3-2: Foul Ball, location: 2F
3-2: Base on Balls
Batting: SHB Thomas Simmons 0-0: Ball
1-0: Called Strike
1-1: Called Strike
1-2: Foul Ball, location: 2F
1-2: Ball
2-2: Ball
3-2: Fly out, F4 (Popup, 34D)
Bottom of the 6th over - 1 run(s), 2 hit(s), 0 error(s), 2 left on base; Minnesota 2 - Ohio State 2
TOP OF THE 7TH
Minnesota Golden Gophers batting - Pitching for Ohio State Buckeyes : RHP Allen King
Batting: RHB Esteban Ayala 0-0: Ball
1-0: Foul Ball, location: 2F
1-1: Ball
2-1: Fly out, F8 (Line Drive, 8LM)
Pinch Hitting: RHB Ben Lund 0-0: Called Strike
0-1: Ball
1-1: Foul Ball, location: 2F
1-2: SINGLE (Line Drive, 56D)
Batting: LHB Steve Davis 0-0: Ball
1-0: Ball
2-0: Fly out, F8 (Flyball, 8RS)
Batting: LHB Doug Willard 0-0: Called Strike
0-1: Ball
1-1: Ball
2-1: Foul Ball, location: 2F
2-2: Strikes out looking
Top of the 7th over - 0 run(s), 1 hit(s), 0 error(s), 1 left on base; Minnesota 2 - Ohio State 2
BOTTOM OF THE 7TH
Ohio State Buckeyes batting - Pitching for Minnesota Golden Gophers : LHP Jeff O'Farrell
Now at SS: Ben Lund
Batting: SHB Jorge Rodríguez 0-0: Ball
1-0: Ball
2-0: Ball
3-0: Called Strike
3-1: Called Strike
3-2: Reached on error, E5 (Groundball, 56)
Batting: RHB Júlio Morales 0-0: Ball
1-0: Called Strike
1-1: Fly out, F8 (Flyball, 8LM)
Batting: LHB Frank García 0-0: Grounds into double play, 4-6-3 (Groundball, 4)
Bottom of the 7th over - 0 run(s), 0 hit(s), 1 error(s), 0 left on base; Minnesota 2 - Ohio State 2
TOP OF THE 8TH
Minnesota Golden Gophers batting - Pitching for Ohio State Buckeyes : RHP Allen King
Pitching: RHP Tom Sheppard
Batting: RHB Carlos López 0-0: Called Strike
0-1: Ball
1-1: Foul Ball, location: 2F
1-2: Ball
2-2: Strikes out swinging
Batting: RHB Mike Brooks 0-0: Called Strike
0-1: Foul Ball, location: 2F
0-2: Ball
1-2: Fly out, F7 (Flyball, 7M)
Batting: RHB Charlie O'Farrell 0-0: Ball
1-0: Ball
2-0: Ball
3-0: Base on Balls
Batting: RHB Brady McIntyre 0-0: Called Strike
0-1: Ball
1-1: Fly out, F9 (Popup, 4D)
Top of the 8th over - 0 run(s), 0 hit(s), 0 error(s), 1 left on base; Minnesota 2 - Ohio State 2
BOTTOM OF THE 8TH
Ohio State Buckeyes batting - Pitching for Minnesota Golden Gophers : LHP Jeff O'Farrell
Batting: SHB Devin Smith 0-0: Called Strike
0-1: Ball
1-1: Swinging Strike
1-2: Ball
2-2: Strikes out swinging
Batting: RHB Gabriel Soto 0-0: Called Strike
0-1: SINGLE (Line Drive, 7S)
Batting: SHB Tony Patterson 0-0: Called Strike
0-1: Ball
1-1: Ball
2-1: Foul Ball, location: 2F
2-2: Foul Ball, location: 2F
2-2: Foul Ball, location: 2F
2-2: Hit by Pitch
Gabriel Soto to second
Batting: LHB Matt Ruskin 0-0: Called Strike
0-1: Ball
1-1: Ball
2-1: Bunted foul
2-2: Foul Ball, location: 2F
2-2: Ball
3-2: Foul Ball, location: 2F
3-2: Foul Ball, location: 2F
3-2: Base on Balls
Gabriel Soto to third
Tony Patterson to second
Batting: RHB Santiago Gutiérrez 0-0: DOUBLE (Line Drive, 78M)
Gabriel Soto scores
Tony Patterson scores
Matt Ruskin to third
Runner from 3rd tries for Home, SAFE, no throw or cutoff
Batting: SHB Thomas Simmons 0-0: Intentional Walk
Pitching: LHP Roger Glass
Batting: SHB Jorge Rodríguez 0-0: Foul Ball, location: 2F
0-1: Swinging Strike
0-2: Foul Ball, location: 2F
0-2: Ball
1-2: Foul Ball, location: 2F
1-2: Ball
2-2: Fly out, F1 (Popup, 25)
Batting: RHB Júlio Morales 0-0: Called Strike
0-1: Called Strike
0-2: Ball
1-2: Strikes out looking
Bottom of the 8th over - 3 run(s), 2 hit(s), 0 error(s), 2 left on base; Minnesota 2 - Ohio State 5
TOP OF THE 9TH
Minnesota Golden Gophers batting - Pitching for Ohio State Buckeyes : RHP Tom Sheppard
Pitching: RHP Bartolo Villarreal
Now at C: Junior Nájera
Batting: LHB Matt Murphy 0-0: Fly out, F4 (Popup, 4MD)
Batting: RHB Esteban Ayala 0-0: Ball
1-0: Foul Ball, location: 2F
1-1: Called Strike
1-2: Foul Ball, location: 2F
1-2: Fly out, F9 (Flyball, 9M)
Batting: RHB Ben Lund 0-0: Ball
1-0: Ground out 6-3 (Groundball, 6)
Top of the 9th over - 0 run(s), 0 hit(s), 0 error(s), 0 left on base; Minnesota 2 - Ohio State 5
This league is powered by Out of the Park Baseball, the baseball management simulation game for PC, Mac and Linux
Wednesday, December 2nd, 2015 - OOTP Baseball 16.8 Build 38